 Dungeon Crawl Stone Soup version 0.29.1-2-gbd0b4ee654 (webtiles) character file.

Game seed: 7503367353565984639

1262 whiskeysaurus the Insei (level 8, -2/52 (54) HPs)
             Began as an Octopode Transmuter on Nov 17, 2022.
             Was an Initiate of Gozag.
             Shot with an arrow by a centaur (9 damage)
             ... on level 7 of the Dungeon.
             The game lasted 00:22:27 (9093 turns).

whiskeysaurus the Insei (Octopode Transmuter)       Turns: 9093, Time: 00:22:28

HP:   -2/52 (54)    AC:  1    Str: 11    XL:     8   Next: 52%
MP:   20/20         EV: 14    Int: 21    God:    Gozag
Gold: 297           SH:  0    Dex: 13    Spells: 11/12 levels left

rFire   . . .      SeeInvis .     - Unarmed
rCold   . . .      Faith    .   (no shield)
rNeg    . . .      Spirit   .   (helmet restricted)
rPois   .          Reflect  .   (no amulet)
rElec   .          Harm     .   e - +6 ring of intelligence
rCorr   .          Rampage  .   t - ring of magical power
Will    .....                   (no ring)
Stlth   +++.......              (no ring)
HPRegen 0.17/turn               (no ring)
MPRegen 0.17/turn               (no ring)
                                (no ring)
                                (no ring)

@: lightly drained
A: almost no armour, amphibious, 8 rings, camouflage 1, gelatinous body 1,
(nimble swimmer 1), tentacles
a: Renounce Religion, Potion Petition, Call Merchant, Bribe Branch


You were on level 7 of the Dungeon.
You worshipped Gozag.
Gozag was aware of your devotion.
You visited 2 branches of the dungeon, and saw 8 of its levels.

You collected 594 gold pieces.
You spent 203 gold pieces at shops.
You paid 94 gold pieces to Gozag.

Inventory:

Jewellery
 e - a +6 ring of intelligence (left tentacle)
 t - a ring of magical power (right tentacle)
Wands
 j - a wand of polymorph (2)
Scrolls
 b - 2 scrolls of poison
 c - a scroll of identify
 d - a scroll of brand weapon {unknown}
 f - 5 scrolls of teleportation
 l - a scroll of silence {unknown}
 o - a scroll of noise {unknown}
 q - 2 scrolls of magic mapping
 r - a scroll of enchant weapon {unknown}
Potions
 a - a potion of lignification
 g - 3 potions of might
 h - a potion of brilliance {unknown}
 i - a potion of degeneration {unknown}
 k - a potion of heal wounds
 m - 3 potions of curing
 n - a potion of invisibility {unknown}
 p - a potion of flight {unknown}
 s - a potion of haste {unknown}
 u - a potion of cancellation {unknown}


   Skills:
 + Level 4.5 Fighting
 + Level 4.8 Dodging
 - Level 2.0 Stealth
 * Level 7.1 Unarmed Combat
 + Level 2.5 Spellcasting
 + Level 2.5 Transmutations
 - Level 2.8 Evocations


You had 11 spell levels left.
You knew the following spells:

 Your Spells              Type           Power      Damage    Failure   Level
a - Beastly Appendage     Tmut           26%        N/A       4%          1

Your spell library contained the following spells:

 Spells                   Type           Power      Damage    Failure   Level
 Wereblood                Tmut           13%        N/A       8%          2
 Sting                    Tmut/Pois      32%        1d4       9%          1
 Poisonous Vapours        Pois/Air       4%         N/A       22%         2
 Static Discharge         Conj/Air       2%         3-4/arc   22%         2
 Spider Form              Tmut/Pois      8%         N/A       26%         3
 Gell's Gravitas          Tloc           2%         N/A       38%         3
 Teleport Other           Tloc           2%         N/A       38%         3
 Ice Form                 Ice/Tmut       8%         N/A       63%         4
 Anguish                  Hex/Necr       1%         N/A       80%         4
 Dispel Undead            Necr           2%         3d7       80%         4
 Olgreb's Toxic Radiance  Pois           2%         N/A       80%         4
 Sticky Flame             Conj/Fire      2%         2d3       80%         4
 Agony                    Necr           2%         N/A       98%         5
 Dispersal                Tloc           1%         N/A       100%        6
 Dragon's Call            Summ           1%         N/A       100%        9


Dungeon Overview and Level Annotations

Branches:
Dungeon (7/15)             Temple (1/1) D:4

Altars:
Ashenzari
Cheibriados
Dithmenos
Fedhas
Gozag
Hepliaklqana
Kikubaaqudgha
Nemelex Xobeh
Okawaru
Sif Muna
Trog
Uskayaw
Wu Jian
Xom
Yredelemnul
Zin
The Shining One

Shops:
D:4 !(?   D:5 ?


Innate Abilities, Weirdness & Mutations

You cannot wear most types of armour.
You are amphibious.
You can wear up to eight rings at the same time.
Your skin changes colour to match your surroundings (Stealth+).
Your rubbery body absorbs attacks. (AC +1, EV +1)
((You are camouflaged when in or above water. (Stealth+)))
You have tentacles for arms and can constrict up to eight enemies at once.


Message History

The ogre shouts!
You feel much better.
Your surroundings suddenly seem different.
You lose your grip on something.
There is a stone staircase leading down here.
The sentinel's mark upon you fades away.
There is a stone staircase leading down here.
You climb downwards.
The orc warrior shouts!
The orc priest shouts!
You hear a shout!
The centaur shouts!
There is a stone staircase leading up here.
An orc comes into view. It is wielding a +0 flail.
The orc shouts!
The orc priest invokes the aid of Beogh against you.
Beogh smites you!
The centaur wields a +0 shortbow.
The centaur shoots an arrow.
The arrow hits you.
The centaur shoots an arrow.
The arrow misses you.
The centaur shoots an arrow.
The arrow hits you!
The centaur shoots an arrow.
The arrow closely misses you.
You open the door.
The centaur shoots an arrow.
The arrow hits you!
The centaur shoots an arrow.
The arrow barely misses you.
The centaur shoots an arrow.
The arrow barely misses you.
The orc priest looks braver for a moment.
There is an open door here.
The centaur shoots an arrow.
The arrow closely misses you.
Clearing monster memory.
You close the door.
You open the door.
There is an open door here.
A centaur breaks down the door.
The centaur shoots an arrow.
The arrow hits you.
The centaur shoots an arrow.
The arrow misses you.
You close the door.
A centaur opens the door.
The centaur shoots an arrow.
The arrow misses you.
The centaur shoots an arrow.
The arrow hits you!
* * * LOW HITPOINT WARNING * * *
The centaur shoots an arrow.
The arrow hits you!
You die...
Your body crumbles into a pile of gold.

#..oc...#
#.o.##..# ..#
#...##..# ..#
#.......# ...#
#.......#....#
#.o######....#
##c#..........
#..'..........
#..#..@.......
####..........
#........##+###
#........#
#........#
#........#
##########


You could see a centaur.

Vanquished Creatures
  A water moccasin (D:5)
  A black bear (D:5)
  A necrophage (D:5)
  3 scorpions
  4 wights (D:6)
  3 hounds
  3 orc priests (D:5)
  5 iguanas
  Terence (D:2)
  Natasha (thrice) (D:2)
  An orc wizard (D:5)
  A gnoll (D:1)
  7 adders
  A shadow imp (D:4)
  9 worms
  3 dart slugs
  6 orcs
  4 endoplasms
  2 giant cockroaches
  5 goblins
  3 hobgoblins
  2 jackals (D:1)
  4 quokkas
  7 ball pythons
  7 bats
  3 frilled lizards
  10 kobolds
  5 rats
105 creatures vanquished.

Notes
Turn   | Place    | Note
-------+----------+-------------------------------------------
     0 | D:1      | whiskeysaurus the Octopode Transmuter began the quest for
                  | the Orb.
     0 | D:1      | Reached XP level 1. HP: 13/13 MP: 3/3
   328 | D:1      | Reached XP level 2. HP: 15/18 MP: 3/5
   480 | D:1      | Found a faded altar of an unknown god.
   755 | D:1      | Reached XP level 3. HP: 23/23 MP: 4/6
  1565 | D:2      | Reached skill level 4 in Unarmed Combat
  1565 | D:2      | Reached XP level 4. HP: 15/29 MP: 5/7
  1821 | D:2      | Noticed Natasha
  1827 | D:2      | Killed Natasha
  1870 | D:2      | Noticed Natasha
  1876 | D:2      | Killed Natasha
  1877 | D:2      | Reached XP level 5. HP: 30/35 MP: 6/8
  2031 | D:2      | Noticed Natasha
  2036 | D:2      | Killed Natasha
  2274 | D:2      | Noticed Terence
  2286 | D:2      | Killed Terence
  3085 | D:3      | Reached skill level 5 in Unarmed Combat
  3088 | D:3      | Reached XP level 6. HP: 37/41 MP: 7/9
  3262 | D:3      | Reached skill level 1 in Evocations
  3546 | D:3      | Got the Anthology of the Boar
  3682 | D:4      | Found Ruallats's Magic Scroll Boutique.
  3726 | D:4      | Found Gataezy's Antique Weapon Shop.
  3940 | D:4      | Found a staircase to the Ecumenical Temple.
  3955 | Temple   | Entered the Ecumenical Temple
  4166 | Temple   | Became a worshipper of Gozag Ym Sagoz the Greedy
  4275 | D:4      | Found a glowing golden altar of the Shining One.
  4474 | D:4      | Found Ceclut's Distillery.
  4482 | D:4      | Bought a potion of curing for 33 gold pieces
  4602 | D:4      | You fall into a shaft and drop 1 floor!
  4602 | D:5      | Entered Level 5 of the Dungeon
  4627 | D:5      | Found an iron altar of Okawaru.
  4795 | D:5      | Reached XP level 7. HP: 15/46 MP: 10/10
  5060 | D:5      | Identified the +5 short sword of Foutoggo {spect, Str+4
                  | SInv Stlth+}
  5765 | D:5      | Reached skill level 6 in Unarmed Combat
  6435 | D:5      | Found a bloodstained altar of Trog.
  6495 | D:5      | Found Ridaighuvvo's Magic Scroll Boutique.
  6618 | D:5      | Bought a scroll of identify for 20 gold pieces
  6618 | D:5      | Bought 2 scrolls of blinking for 150 gold pieces
  6827 | D:5      | Reached skill level 1 in Stealth
  7480 | D:5      | Reached XP level 8. HP: 48/54 MP: 11/11
  8521 | D:6      | Reached skill level 7 in Unarmed Combat
  9058 | D:6      | HP: 1/52 [ogre/+0 giant club (24)]
  9093 | D:7      | Shot with an arrow by a centaur

Illustrated notes

Levels and vault maps discovered:
D:1:      dpeg_arrival_short_road, layout_loops_corners,
          chequers_ecumenical_altar_simple_redux
D:2:      minmay_general_purpose_star, layout_basic, uniq_terence, uniq_natasha
D:3:      layout_loops_corners, minmay_splitting_lines
D:4:      layout_loops_corners, mainiacjoe_overflow_catwalk,
          minmay_temple_entry_junction_2, serial_shops, shop_scrolls, shop,
          nicolae_shop_hallway_plus, corexii_corridor_pit, st_stairs_7,
          minmay_box_of_dots
D:5:      layout_rooms, okawaru_ov_weapons_minmay, trog_butcher_becter,
          serial_shops, nicolae_shop_stone, nicolae_wormholes
D:6:      layout_rooms
D:7:      layout_gridville
Temple:   zaba_magenta_temple

Skill      XL: |  1  2  3  4  5  6  7  8 |
---------------+-------------------------+-----
Fighting       | 2 3 4 |  4.5
Unarmed Combat | 4 5 6 7 |  7.1
Dodging        | 3 4 |  4.8
Evocations     | 2 |  2.8
Stealth        | 1 2 |  2.0
Spellcasting   | |  2.5
Transmutations | |  2.5

Action                   |  1- 3 |  4- 6 |  7- 9 || total
-------------------------+-------+-------+-------++-------
Melee: Unarmed           |    69 |    93 |   102 ||   264
       Tentacles         |    14 |    20 |    26 ||    60
       Constrict         |    17 |    23 |    27 ||    67
       Kick              |    13 |    27 |    36 ||    76
       Punch             |       |     3 |     7 ||    10
 Cast: Beastly Appendage |    13 |    23 |    22 ||    58
Evoke: Wand              |       |     2 |       ||     2
  Use: Scroll            |     2 |       |     8 ||    10
       Potion            |       |     3 |     2 ||     5
 Stab: Sleeping          |     7 |     5 |     4 ||    16
       Distracted        |       |       |     1 ||     1
Armor: Skin              |     9 |     9 |     2 ||    20
Dodge: Dodged            |    44 |    51 |    45 ||   140
